 Dungeon Crawl Stone Soup version 0.29-a0-283-ga02f740833 (webtiles) character file.

Game seed: 7433959698446642837

91 sking99 the Vandal (level 4, -1/38 HPs)
             Began as a Minotaur Hunter on Mar 13, 2022.
             Slain by an orc
             ... wielding a +0 hand axe
              (2 damage)
             ... on level 3 of the Dungeon.
             The game lasted 00:04:19 (2240 turns).

sking99 the Vandal (Minotaur Hunter)                Turns: 2240, Time: 00:04:20

Health: -1/38      AC:  3    Str: 17    XL:     4   Next: 34%
Magic:  3/3        EV: 12    Int:  6    God:
Gold:   94         SH:  0    Dex: 14    Spells: 3/3 levels left

rFire   . . .      SeeInvis .   a - +1 hunting sling
rCold   . . .      Faith    .   (no shield)
rNeg    . . .      Spirit   .   b - +0 leather armour
rPois   .          Reflect  .   (helmet restricted)
rElec   .          Harm     .   (no cloak)
rCorr   .          Rampage  .   (no gloves)
Will    .....                   (no boots)
Stlth   +.........              (no amulet)
HPRegen 0.12/turn               (no ring)
MPRegen 0.08/turn               (no ring)

@: no status effects
A: horns 2, retaliatory headbutt
a: no special abilities


You were on level 3 of the Dungeon.
You visited 1 branch of the dungeon, and saw 3 of its levels.

You collected 144 gold pieces.
You spent 50 gold pieces at shops.

Inventory:

Hand Weapons
 a - a +1 hunting sling (weapon)
Armour
 b - a +0 leather armour (worn)
Scrolls
 c - 2 scrolls of immolation
 d - 3 scrolls of identify
 e - a scroll of magic mapping {unknown}
 h - a scroll of enchant weapon {unknown}
Potions
 f - a potion of might {unknown}
 g - 2 potions of flight {unknown}
 i - a potion of curing


   Skills:
 + Level 3.5 Fighting
 * Level 5.5 Slings
 + Level 3.1 Dodging
 - Level 0.7 Stealth


You had 3 spell levels left.
You didn't know any spells.
Your spell library contained the following spells:

 Spells                   Type           Power      Damage    Failure   Level
 Shock                    Conj/Air       0%         1d3       52%         1
 Corpse Rot               Necr/Air       0%         N/A       67%         2
 Swiftness                Air            0%         N/A       88%         3
 Airstrike                Air            0%         N/A       99%         4
 Dispel Undead            Necr           0%         3d6       99%         4
 Death Channel            Necr           0%         N/A       100%        6


Dungeon Overview and Level Annotations

Branches:
Dungeon (3/15)

Altars:

Shops:
D:2 !:*=*


Innate Abilities, Weirdness & Mutations

You have a pair of horns on your head.
You reflexively headbutt those who attack you in melee.


Message History

The magic dart hits you! The orc hits you with a +0 hand axe.
You shoot a sling bullet. The sling bullet barely misses the orc.
The orc wizard gestures at you while chanting.
You are confused.
The orc hits you with a +0 hand axe.
You are too injured to fight recklessly!
You are too injured to fight recklessly!
You are too injured to fight recklessly!
You closely miss the orc. You headbutt the orc.
The orc is severely wounded.
The orc wizard hits you with a +0 dagger.
The orc barely misses you.
You clumsily bash the orc but do no damage.
The orc is severely wounded.
The orc wizard hits you but does no damage.
The orc hits you with a +0 hand axe.
You clumsily bash the orc but do no damage.
Your headbutt misses the orc.
The orc is severely wounded.
The orc wizard misses you. The orc hits you with a +0 hand axe.
* * * LOW HITPOINT WARNING * * *
The orc wizard hits you with a +0 dagger.
* * * LOW HITPOINT WARNING * * *
The orc hits you with a +0 hand axe.
* * * LOW HITPOINT WARNING * * *
Non-targeted confused fire: a) +1 hunting sling
Press: ? - help, Q - select action Dir - look around, f - activate You shoot a sling bullet.
The orc wizard hits you with a +0 dagger.
* * * LOW HITPOINT WARNING * * *
The orc barely misses you.
Non-targeted confused fire: a) +1 hunting sling
Press: ? - help, Q - select action Dir - look around, f - activate Look: an orc, wielding a +0 hand axe (severely wounded)
You shoot a sling bullet.
You feel less confused.
The orc wizard hits you with a +0 dagger.
* * * LOW HITPOINT WARNING * * *
The orc hits you with a +0 hand axe.
You die...

##...........
###............
..............
###............
..........[....
...............
.........!.....
.......@o......
..(.#..o..#....
. ####### #


You could see an orc wizard and an orc.

Vanquished Creatures
  2 adders (D:2)
  A worm (D:2)
  3 dart slugs
  3 orcs
  5 ball pythons
  3 endoplasms
  3 giant cockroaches (D:1)
  6 goblins
  8 hobgoblins
  4 jackals (D:1)
  8 kobolds
  A quokka (D:1)
  3 bats
  3 frilled lizards (D:1)
  A rat (D:1)
54 creatures vanquished.

Vanquished Creatures (others)
  3 plants (D:2)
3 creatures vanquished.

Grand Total: 57 creatures vanquished

Notes
Turn   | Place    | Note
-------+----------+-------------------------------------------
     0 | D:1      | sking99 the Minotaur Hunter began the quest for the Orb.
     0 | D:1      | Reached XP level 1. HP: 18/18 MP: 0/0
   325 | D:1      | Reached XP level 2. HP: 24/25 MP: 1/1
   589 | D:1      | Reached skill level 5 in Slings
   589 | D:1      | Reached XP level 3. HP: 21/31 MP: 2/2
  1220 | D:2      | Found a faded altar of an unknown god.
  1238 | D:2      | Found Gaceyci's General Store.
  1583 | D:2      | Found Vitaufe's Jewellery Emporium.
  1593 | D:2      | Found Geraguur's Book Boutique.
  1606 | D:2      | Bought a scroll of identify for 20 gold pieces
  1606 | D:2      | Bought a potion of curing for 30 gold pieces
  1647 | D:2      | Found Weguc's Distillery.
  1675 | D:2      | Reached XP level 4. HP: 35/38 MP: 3/3
  1760 | D:2      | Found Tinynyff's General Store.
  2240 | D:3      | HP: 1/38 [orc wizard/+0 dagger (2)]
  2240 | D:3      | Slain by an orc

Illustrated notes

Levels and vault maps discovered:
D:1:      dpeg_arrival_three_same_balls, layout_rooms, minmay_heptomino_h4
D:2:      layout_rooms, serial_shops, shop_fountains, nicolae_shop_crystal,
          shop, shop, shop, ebering_ecumenical_altar_webs,
          kennysheep_cross_room, serial_bayou_lagoon_b
D:3:      layout_rooms

Skill      XL: |  1  2  3 |
---------------+----------+-----
Fighting       | 3 |  3.5
Slings         | 5 |  5.5
Dodging        | 3 |  3.1
Stealth        | |  0.7

Action                   |  1- 3 |  4- 6 || total
-------------------------+-------+-------++-------
Melee: Hunting sling     |       |     3 ||     3
       Headbutt          |       |     1 ||     1
 Fire: Hunting sling     |   136 |    35 ||   171
  Use: Potion            |       |     1 ||     1
Armor: Leather armour    |    13 |     6 ||    19
Dodge: Dodged            |    40 |    30 ||    70

Table legend: (Time is in decaauts)
 A = Elapsed time spent in this place.
 B = Non-inter-level travel time spent in this place.
 C = Inter-level travel time spent in this place.
 D = Time resting spent in this place.
 E = Time spent auto-exploring this place.
 F = Levels seen in this place.
 G = Mean time per level.
                   A        B        C        D        E       F      G
               +--------+--------+--------+--------+--------+-----+--------+
         Total |   2293 |   2246 |     47 |   1140 |    734 |   3 |  764.3 |
       Dungeon |   2293 |   2246 |     47 |   1140 |    734 |   3 |  764.3 |
               +--------+--------+--------+--------+--------+-----+--------+

Top non-repeatable levels by time:
     D:1: 1508 daAuts
     D:2: 765 daAuts
     D:3: 19 daAuts
